 Dungeon Crawl Stone Soup version 0.18.1-48-g4cf74bf (webtiles) character file.

8512 rockintein the Cleaver (level 11, -5/99 HPs)
             Began as a Minotaur Berserker on July 10, 2016.
             Was a High Priest of Trog.
             Slain by an angel
             ... wielding a +3 whip of holy wrath
              (14 damage)
             ... on level 2 of the Abyss.
             The game lasted 00:18:51 (8669 turns).

rockintein the Cleaver (Minotaur Berserker)         Turns: 8669, Time: 00:18:52

Health: -5/99      AC: 18    Str: 27    XL:     11   Next: 10%
Magic:  10/10      EV:  8    Int:  4    God:    Trog [*****.]
Gold:   501        SH: 12    Dex: 13    Spells: 0 memorised, 10 levels left

rFire  . . .     SeeInvis .     m - +0 war axe (holy)
rCold  + + .     Gourm    .     b - +2 chain mail {rC+}
rNeg   . . .     Faith    .     u - +0 shield
rPois  .         Spirit   .     (helmet restricted)
rElec  .         Dismiss  .     d - +1 cloak
rCorr  .         Reflect  .     j - +0 pair of gloves
SustAt .         Harm     .     y - +0 pair of boots
MR     ++...                    t - amulet of regeneration
Stlth  ..........               v - ring of protection from cold
                                l - +3 ring of strength

@: exhausted, regenerating, slowed, glowing, very slow, very resistant to
hostile enchantments, extremely unstealthy
A: retaliatory headbutt, horns 2, thin skeletal structure 1, camouflage 1,
MP-powered wands
a: Berserk, Trog's Hand, Brothers in Arms, Burn Spellbooks, Renounce Religion


You were on level 2 of the Abyss.
You worshipped Trog.
Trog was extremely pleased with you.
You were near starving.

You visited 1 branch of the dungeon, and saw 11 of its levels.
You visited the Abyss 1 time.

You collected 501 gold pieces.

Inventory:

Hand Weapons
 m - a +0 war axe of holy wrath (weapon)
Armour
 b - a +2 chain mail of cold resistance (worn)
 d - a +1 cloak (worn)
 j - a +0 pair of gloves (worn)
 u - a +0 shield (worn)
 y - a +0 pair of boots (worn)
 F - a +0 fire dragon armour
Jewellery
 l - a +3 ring of strength (left hand)
 r - an uncursed ring of flight
 t - an amulet of regeneration (around neck)
 v - a ring of protection from cold (right hand)
 L - an uncursed ring of sustain attributes {unknown}
 N - an uncursed ring of fire {unknown}
Wands
 A - a wand of digging (15/24)
Scrolls
 h - 4 scrolls of teleportation
 i - 6 scrolls of noise
 k - a scroll of random uselessness
 p - 7 scrolls of identify
 w - a scroll of immolation
 x - a scroll of fear
 B - 2 scrolls of remove curse
 C - 2 scrolls of magic mapping
 D - a scroll of enchant weapon
 M - a scroll of fog
Potions
 e - 2 potions of haste
 f - 2 potions of agility
 g - 2 potions of invisibility
 o - 2 potions of heal wounds
 q - 6 potions of curing
 z - a potion of lignification
 I - 2 potions of flight
 J - a potion of brilliance
Books
 E - a book of Conjurations

   Spells                             Type                      Level
   a - Magic Dart                     Conjuration                  1
   b - Searing Ray                    Conjuration                  2
   c - Dazzling Spray                 Conjuration/Hexes            3
   d - Fulminant Prism                Conjuration/Hexes            4
   e - Iskenderun's Mystic Blast      Conjuration                  4
   f - Iskenderun's Battlesphere      Conjuration/Charms           5
   Trog disapproves of the use of such an item.
Comestibles
 a - a chunk of flesh
 c - 5 bread rations
 n - a royal jelly
 s - 3 meat rations
 G - 15 fruits
 H - 2 slices of pizza
 K - a beef jerky


   Skills:
 + Level 9.9 Fighting
 * Level 13.5 Axes
 + Level 9.6 Armour
 - Level 2.1 Dodging
 + Level 8.4 Shields


You had 10 spell levels left.
You didn't know any spells.

Dungeon Overview and Level Annotations

Branches:
Dungeon (10/15)            Temple (0/1) D:5
   Lair: D:8-11         Orc: D:9-12

Altars:
Dithmenos
Fedhas
Nemelex Xobeh
Okawaru
Vehumet
Xom
Yredelemnul
Zin
Beogh

Shops:
D:5 [   D:6 %

Annotations:
D:7 exclusion: statue


Innate Abilities, Weirdness & Mutations

You reflexively headbutt those who attack you in melee.
You have a pair of horns on your head.
You have a somewhat thin skeletal structure (Dex +2, Stealth).
Your skin changes colour to match your surroundings (Stealth).
You expend magic power (3 MP) to strengthen your wands.


Message History

You block the angel's attack.
You completely miss the angel.
The angel is moderately wounded.
You hit the raiju.
The raiju is heavily wounded.
You feel the effects of Trog's Hand fading.
The angel completely misses you. The angel barely misses you.
You block the raiju's attack. x2
The angel hits you with a whip of holy wrath!
* * * LOW HITPOINT WARNING * * *
The angel hits you with a whip of holy wrath.
* * * LOW HITPOINT WARNING * * *
You closely miss the angel.
The angel is moderately wounded.
You hit the raiju but do no damage.
The raiju is heavily wounded.
You hit the raiju.
The raiju is lightly wounded.
The angel hits you with a whip of holy wrath!
You die...

# . ... . .#
. # ...# . .
. ....#
#...# .## .
. # # .#. ..
.... . #.# #
. . ##.. #
.. #.
#....A.. .#
#.#### ..
#.# ..
#h@A#.. # #
. # #.#.h.#.
##.# . .
#....##...##
# .#
#..####...#
.# # $#.
#### . # # #
# .


You could see an angel and 2 raiju.

Vanquished Creatures
  The ghost of Rationalist the Shield-Bearer, a novice FoFi (D:7)
  Pikel (D:5)
  2 wizards (D:13)
  Psyche (D:9)
  The ghost of Rationalist the Skirmisher, an amateur FoFi (D:4)
  A two-headed ogre (D:9)
  Prince Ribbit (D:9)
  Sigmund (D:4)
  Eustachio (D:5)
  A hungry ghost (D:9)
  A hippogriff (D:10)
  9 yaks (D:9)
  Edmund (D:4)
  A water moccasin (D:9)
  6 orc warriors (D:9)
  3 sky beasts
  A necrophage (D:8)
  2 ogres
  3 centaurs
  A big kobold (D:7)
  Blork the orc (D:4)
  A gnoll sergeant (D:8)
  3 giant frogs
  A scorpion (D:10)
  8 killer bees
  3 electric eels (D:9)
  5 crimson imps
  7 howler monkeys
  2 hounds
  A jelly (D:10)
  2 centaur skeletons
  A giant frog zombie (D:8)
  6 orc priests
  A giant frog skeleton (D:7)
  2 orc wizards
  An iguana (D:5)
  7 worker ants
  A hound zombie (D:6)
  12 adders
  18 gnolls
  2 howler monkey skeletons
  2 shadow imps
  3 oozes
  3 adder skeletons
  2 worms (D:3)
  3 dart slugs
  2 giant geckos
  24 orcs
  5 giant cockroaches
  3 goblins
  7 hobgoblins
  10 jackals
  8 bats
  5 giant newts
  A jackal zombie (D:8)
  12 kobolds
  6 rats
  A spectral orc (D:6)
221 creatures vanquished.

Vanquished Creatures (others)
  The ghost of Typee the Sneak, an amateur OpCj (D:5)
  A slave (D:5)
  An ogre (D:5)
  A worker ant zombie (D:5)
  A shadow imp (D:5)
5 creatures vanquished.

Grand Total: 226 creatures vanquished

Notes
Turn   | Place    | Note
--------------------------------------------------------------
     0 | D:1      | rockintein the Minotaur Berserker began the quest for the Orb.
     0 | D:1      | Reached XP level 1. HP: 19/19 MP: 0/0
   135 | D:1      | Reached skill level 4 in Axes
   164 | D:1      | Reached XP level 2. HP: 27/27 MP: 1/1
   422 | D:1      | Reached XP level 3. HP: 28/33 MP: 2/2
   773 | D:2      | Found a shadowy altar of Dithmenos.
   814 | D:2      | Reached ** piety under Trog
   830 | D:2      | Reached skill level 5 in Axes
   881 | D:2      | Reached XP level 4. HP: 36/40 MP: 3/3
  1719 | D:3      | Noticed a giant frog
  1734 | D:3      | Killed a giant frog
  1734 | D:3      | Reached skill level 6 in Axes
  1734 | D:3      | Reached XP level 5. HP: 23/47 MP: 4/4
  2138 | D:3      | Found a glowing silver altar of Zin.
  2348 | D:3      | Found a shimmering altar of Xom.
  2681 | D:3      | Reached XP level 6. HP: 53/53 MP: 5/5
  2952 | D:4      | Reached skill level 7 in Axes
  2954 | D:4      | Reached skill level 5 in Fighting
  2954 | D:4      | Reached skill level 1 in Shields
  2956 | D:4      | Reached *** piety under Trog
  2956 | D:4      | Reached XP level 7. HP: 12/61 MP: 6/6
  3308 | D:4      | Noticed Rationalist's ghost (amateur FoFi)
  3326 | D:4      | Killed Rationalist's ghost
  3326 | D:4      | Reached skill level 8 in Axes
  3326 | D:4      | Reached skill level 5 in Armour
  3500 | D:4      | Gained mutation: You have a somewhat thin skeletal structure (Dex +2, Stealth). [potion of mutation]
  3500 | D:4      | Gained mutation: You expend magic power (3 MP) to strengthen your wands. [potion of mutation]
  3500 | D:4      | Gained mutation: Your skin changes colour to match your surroundings (Stealth). [potion of mutation]
  3513 | D:4      | Found a sparkling altar of Nemelex Xobeh.
  3670 | D:4      | Noticed Edmund
  3678 | D:4      | Killed Edmund
  3746 | D:4      | Noticed Blork the orc
  3751 | D:4      | Killed Blork the orc
  3786 | D:4      | Found an iron altar of Okawaru.
  3886 | D:4      | Noticed Sigmund
  3893 | D:4      | Killed Sigmund
  3893 | D:4      | Reached skill level 9 in Axes
  3893 | D:4      | Reached XP level 8. HP: 70/70 MP: 7/7
  4051 | D:5      | Entered Level 5 of the Dungeon
  4262 | D:5      | Noticed Pikel
  4281 | D:5      | Killed Pikel
  4547 | D:5      | Found a staircase to the Ecumenical Temple.
  4666 | D:5      | Found Qumunax's Armour Shop.
  4683 | D:5      | Killed Typee's ghost
  4738 | D:5      | Reached skill level 10 in Axes
  4869 | D:5      | Noticed Eustachio
  4880 | D:5      | Killed Eustachio
  5199 | D:6      | Reached skill level 5 in Shields
  5199 | D:6      | Reached XP level 9. HP: 63/79 MP: 8/8
  5360 | D:6      | Found Unashra's Food Shop.
  5397 | D:6      | Found a basalt altar of Yredelemnul.
  5864 | D:7      | Noticed Rationalist's ghost (novice FoFi)
  5867 | D:7      | Found a radiant altar of Vehumet.
  5883 | D:7      | Killed Rationalist's ghost
  5883 | D:7      | Reached skill level 11 in Axes
  5955 | D:7      | Reached **** piety under Trog
  6413 | D:8      | Found a blossoming altar of Fedhas.
  6705 | D:8      | Reached XP level 10. HP: 72/90 MP: 9/9
  6965 | D:9      | Reached skill level 12 in Axes
  6979 | D:9      | Reached ***** piety under Trog
  6980 | D:9      | Found a roughly hewn altar of Beogh.
  7327 | D:9      | Noticed Psyche
  7334 | D:9      | Killed Psyche
  7335 | D:9      | Noticed Prince Ribbit
  7339 | D:9      | Killed Prince Ribbit
  7434 | D:9      | Reached skill level 13 in Axes
  8078 | D:9      | Received a gift from Trog
  8354 | D:10     | Entered Level 10 of the Dungeon
  8433 | D:10     | Reached XP level 11. HP: 81/99 MP: 10/10
  8509 | D:10     | You fall through a shaft for 3 floors!
  8509 | D:13     | Noticed a wizard
  8510 | D:13     | Noticed a wizard
  8523 | D:13     | Killed a wizard
  8529 | D:13     | Killed a wizard
  8557 | D:13     | Noticed a wizard
  8558 | D:13     | Cast into level 2 of the Abyss (a wizard)
  8623 | Abyss:2  | Noticed an angel
  8669 | Abyss:2  | Slain by an angel

Skill      XL: |  1  2  3  4  5  6  7  8  9 10 |
---------------+-------------------------------+-----
Axes           | 4 5 6 7 9 10 11 13 | 13.5
Armour         | 3 4 5 6 8 9 |  9.6
Fighting       | 4 5 6 7 8 9 |  9.9
Shields        | 1 3 5 6 8 |  8.4
Dodging        | |  2.1

Action                   |  1- 3 |  4- 6 |  7- 9 | 10-12 || total
-------------------------+-------+-------+-------+-------++-------
Melee: Hand axe          |    80 |   111 |    84 |       ||   275
       Headbutt          |     9 |    22 |    60 |    59 ||   150
       War axe           |       |       |   166 |   214 ||   380
Invok: Berserk           |       |     2 |     6 |     3 ||    11
       Trog's Hand       |       |     2 |     2 |     5 ||     9
  Use: Scroll            |     4 |       |     6 |    10 ||    20
       Potion            |     2 |       |     4 |     1 ||     7
  Eat: Chunk             |       |     8 |     9 |     9 ||    26
       Pizza             |       |       |     2 |     1 ||     3
       Fruit             |       |       |     3 |       ||     3
       Meat ration       |       |       |     1 |       ||     1
Armor: Chain mail        |    49 |    76 |   159 |    82 ||   366
Dodge: Dodged            |    36 |    56 |   101 |    50 ||   243
Block: Shield            |       |     9 |    14 |    59 ||    82
